AoeStats
← kV0t3

Arabia

507658875Analyzed
1v1 RM · 13d ago on Sep 19, 2026· 40m 47s· 2 players
Game mode
Random Map
Map size
Tiny (2 player)
Population
200
Speed
Normal
Resources
Standard
Victory
Conquest
Starting age
Dark Age
Ending age
Imperial Age
RankedLock teamsTeams togetherTeam positionsShared explorationLock speedFull tech treeHidden civsTurbo modeCheats
Victory
Defeat
🇦🇷 Mongols · Argentina
1216
+15
🇹🇼 Malians · Taiwan
1189
-15
genehung9
2:07 Loom
10:02 Feudal Age
10:55 Town Watch
17:33 Fletching
18:22 Double-Bit Axe
19:27 Horse Collar
26:39 Castle Age
25:21 Padded Archer Armor
27:04 Wheelbarrow
30:50 Scale Barding Armor
31:24 Bodkin Arrow
31:58 Chain Barding Armor
39:36 Bloodlines
39:26 Husbandry
39:39 Forging
kV0t3
0:25 Loom
9:04 Feudal Age
15:58 Double-Bit Axe
17:47 Fletching
23:35 Castle Age
22:23 Stone Mining
22:34 Horse Collar
24:49 Bodkin Arrow
33:35 Wheelbarrow
37:33 Gold Mining
38:01 Bow Saw
38:33 Padded Archer Armor
Connection lost

Rejoining the realm…

Still unreachable

The connection could not be restored.

Session expired

The server has moved on; the page needs a fresh start.